 Dungeon Crawl Stone Soup version 0.29-a0-271-gd4eb659eea (webtiles) character file.

Game seed: 11617539396207212601

75 mdonais the Shooter (level 4, -6/30 HPs)
             Began as an Octopode Hunter on Mar 9, 2022.
             Killed from afar by an orc wizard (10 damage)
             ... with a magic dart
             ... on level 3 of the Dungeon.
             The game lasted 00:06:02 (2701 turns).

mdonais the Shooter (Octopode Hunter)               Turns: 2701, Time: 00:06:02

Health: -6/30      AC:  1    Str:  9 (11) XL:     4   Next: 31%
Magic:  4/4        EV: 13    Int: 12 (13) God:
Gold:   47         SH:  0    Dex: 11 (14) Spells: 3/3 levels left

rFire   . . .      SeeInvis .   g - +0 dagger
rCold   . . .      Faith    .   (no shield)
rNeg    . . .      Spirit   .   (helmet restricted)
rPois   .          Reflect  .   (no amulet)
rElec   .          Harm     .   (no ring)
rCorr   .          Rampage  .   (no ring)
Will    .....                   (no ring)
Stlth   +++.......              (no ring)
HPRegen 0.10/turn               (no ring)
MPRegen 0.09/turn               (no ring)
                                (no ring)
                                (no ring)

@: no status effects
A: almost no armour, amphibious, 8 rings, camouflage 1, gelatinous body 1,
(nimble swimmer 1), tentacles
a: no special abilities


You were on level 3 of the Dungeon.
You visited 1 branch of the dungeon, and saw 3 of its levels.

You collected 47 gold pieces.

Inventory:

Hand Weapons
 a - a +1 shortbow
 g - a +0 dagger (weapon)
   (You took it off a kobold on level 1 of the Dungeon)
Missiles
 c - 44 stones
 j - 2 poisoned darts
Armour
 l - a +0 buckler
   (You took it off a goblin on level 2 of the Dungeon)
Scrolls
 b - 2 scrolls of immolation
 e - a scroll of vulnerability {unknown}
 f - a scroll of amnesia {unknown}
 h - a scroll of blinking {unknown}
 k - 2 scrolls of identify {unknown}
 m - a scroll of teleportation {unknown}
Potions
 Q - a potion of curing


   Skills:
 + Level 2.9 Fighting
 + Level 4.5 Bows
 - Level 2.0 Dodging
 + Level 3.7 Stealth


You had 3 spell levels left.
You didn't know any spells.
Your spell library was empty.

Dungeon Overview and Level Annotations

Branches:
Dungeon (3/15)

Altars:


Innate Abilities, Weirdness & Mutations

You cannot wear most types of armour.
You are amphibious.
You can wear up to eight rings at the same time.
Your skin changes colour to match your surroundings (Stealth+).
Your rubbery body absorbs attacks. (AC +1, EV +1)
((You are camouflaged when in or above water. (Stealth+)))
You have tentacles for arms and can constrict up to eight enemies at once.


Message History

You shoot an arrow. The arrow hits the bat.
You kill the bat!
No target in view!
An endoplasm comes into view.
You shoot an arrow. The arrow hits the endoplasm!
You kill the endoplasm!
No target in view!
No target in view!
There is a stone staircase leading down here.
There is a stone staircase leading up here.
An adder comes into view.
The adder hisses angrily.
An adder is nearby!
You shoot an arrow. The arrow hits the adder.
The adder is lightly wounded.
The adder barely misses you.
You shoot an arrow. The arrow hits the adder.
The adder is lightly wounded.
The adder closely misses you. The adder bites you but does no damage.
You shoot an arrow.
The arrow hits the adder but does no damage.
The adder is lightly wounded.
The adder barely misses you. The adder closely misses you.
You shoot an arrow. The arrow barely misses the adder.
The adder closely misses you.
You shoot an arrow. The arrow closely misses the adder.
The adder misses you. x2
You shoot an arrow. The arrow barely misses the adder.
The adder closely misses you. x2
You shoot an arrow. The arrow misses the adder.
The adder bites you but does no damage.
You shoot an arrow. The arrow hits the adder!
You kill the adder!
No target in view!
No target in view!
You see here an adder corpse.
Key pressed, stopping explore.
(D) Dungeon
Where to? (Enter - D:2, ? - help)
There is a stone staircase leading down here.
You climb downwards.
Found 12 gold pieces.
There is a stone staircase leading up here.
An endoplasm is nearby!
You shoot an arrow.
The arrow hits the endoplasm but does no damage.
The endoplasm quivers.
You shoot an arrow. The arrow barely misses the endoplasm.
You shoot an arrow. The arrow hits the endoplasm!
You kill the endoplasm!
No target in view!
Found a leather armour.
You now have 36 gold pieces (gained 12).
k - 2 scrolls labelled SAKIRE TONUTT (gained 1)
You now have 47 gold pieces (gained 11).
A bat comes into view.
You shoot an arrow. The arrow hits the bat!
You kill the bat!
No target in view!
No target in view!
You see here a bat corpse.
An orc and an orc wizard come into view.
You shoot an arrow. The arrow hits the orc.
The orc shouts!
The orc is severely wounded.
The orc wizard shouts!
An orc comes into view. It is wielding a +0 club.
An orc comes into view. It is wielding a +0 morningstar.
You shoot an arrow.
The arrow hits the orc but does no damage.
The orc is severely wounded.
You shoot an arrow. The arrow hits the orc.
You kill the orc!
No target in view!
You see here a +0 short sword.
You shoot an arrow. The arrow barely misses the orc wizard.
The orc wizard casts a spell.
The orc wizard flickers and vanishes!
Deactivating autopickup; reactivate with Ctrl-A.
No target in view!
Shoot: a) +1 shortbow
Press: ? - help, Q - select action, (/) - cycle Shift-Dir - straight line You shoot an arrow.
Something hits you.
You take 2 damage, and have 28/30 hp.
Shoot: a) +1 shortbow
Press: ? - help, Q - select action, (/) - cycle Shift-Dir - straight line You shoot an arrow.
Something hits you.
You take 3 damage, and have 25/30 hp.
Shoot: a) +1 shortbow
Press: ? - help, Q - select action, (/) - cycle Shift-Dir - straight line You shoot an arrow.
You hear some strange, mumbled words.
A magic dart appears from out of thin air!
The magic dart hits you.
You hear some strange, mumbled words.
You are confused.
You take 6 damage, and have 19/30 hp.
g - a +0 dagger (weapon)
You bump into the rock wall.
Something hits you.
You take 2 damage, and have 17/30 hp.
You miss something. Your squeeze misses something. Something hits you.
You take 3 damage, and have 15/30 hp.
You hear some strange, mumbled words.
You are more confused.
It was a potion of degeneration.
There was something very wrong with that liquid.
You feel weakened.
You feel dopey.
You feel clumsy.
It was a potion of curing.
You feel better.
Q - a potion of curing Something hits you.
You regained 6 hp, and now have 21/30 hp.
You miss something. Your squeeze misses something.
You hear some strange, mumbled words.
Something tries to affect you, but you resist.
You barely miss something.
You hear some strange, mumbled words.
A puff of flame appears from out of thin air!
The puff of flame hits you!
You take 7 damage, and have 14/30 hp.
MASSIVE DAMAGE!!
You closely miss something. Something hits you but does no damage.
You miss something. Something hits you.
You take 1 damage, and have 13/30 hp.
You hit something.
You hear some strange, mumbled words.
A puff of flame appears from out of thin air!
The puff of flame hits you.
* * * LOW HITPOINT WARNING * * *
You take 4 damage, and have 9/30 hp.
You miss something. Your squeeze misses something. Something barely misses you.
You hit something but do no damage. You squeeze something. Something hits you.
* * * LOW HITPOINT WARNING * * *
You take 1 damage, and have 8/30 hp.
You hit something but do no damage. Something hits you.
* * * LOW HITPOINT WARNING * * *
You take 3 damage, and have 5/30 hp.
You hit something but do no damage.
You hear some strange, mumbled words.
Something tries to affect you, but you resist.
Okay, then.
You closely miss something. Something hits you.
* * * LOW HITPOINT WARNING * * *
You take 1 damage, and have 4/30 hp.
You barely miss something. Your squeeze misses something.
Something barely misses you.
You closely miss something.
You hear some strange, mumbled words.
A magic dart appears from out of thin air!
The magic dart hits you!
You die...

############
#..........#
#.########.#
############.####
#.#
#...............#
#.#
#.##########.##.#
#.# #.#
#####{@.#.### #.#
#####.##
#..)..#.....# #.#
.......#
#.###...#.#.# #.#
#..# #.#
##.##.#.# #.#
#####..# #.#
#.##†#.###.#
.......####.#
#..........#
######......#
####.#.#####
######## ##...##
#.....#


There were no monsters in sight!

Vanquished Creatures
  3 adders (D:2)
  A worm (D:2)
  A dart slug (D:1)
  An orc (D:3)
  3 ball pythons
  4 endoplasms
  2 giant cockroaches (D:1)
  6 hobgoblins
  2 quokkas (D:1)
  4 bats
  A frilled lizard (D:2)
  8 goblins
  3 kobolds (D:1)
39 creatures vanquished.

Notes
Turn   | Place    | Note
-------+----------+-------------------------------------------
     0 | D:1      | mdonais the Octopode Hunter began the quest for the Orb.
     0 | D:1      | Reached XP level 1. HP: 14/14 MP: 1/1
   329 | D:1      | Reached XP level 2. HP: 19/19 MP: 2/2
   799 | D:1      | Reached XP level 3. HP: 25/25 MP: 3/3
  1746 | D:2      | Noticed a phantom
  2072 | D:2      | Reached XP level 4. HP: 30/30 MP: 4/4
  2701 | D:3      | Killed from afar by an orc wizard

Illustrated notes

Levels and vault maps discovered:
D:1:      ncdulo_lavacross, layout_basic
D:2:      layout_basic, serial_co_window_serial, co_window_paths_b,
          co_window_of_opportunity_a, co_window_of_opportunity_a,
          co_window_corner_a, co_window_of_opportunity_a, co_window_corner_ca,
          co_window_2corner, co_window_corner_b, co_window_unsneaky_path_a,
          co_window_of_opportunity_b, co_window_4corner_b, co_window_4corner_a
D:3:      layout_loops_ring, kennysheep_path_1, kennysheep_nub

Skill      XL: |  1  2 |
---------------+-------+-----
Stealth        | 2 3 |  3.7
Fighting       | |  2.9
Bows           | |  4.5
Dodging        | |  2.0

Action                   |  1- 3 |  4- 6 || total
-------------------------+-------+-------++-------
Melee: Dagger            |     3 |    13 ||    16
       Constrict         |     1 |       ||     1
       Tentacles         |       |     1 ||     1
 Fire: Shortbow          |    84 |    25 ||   109
  Use: Potion            |       |     2 ||     2
Armor: Skin              |     3 |     3 ||     6
Dodge: Dodged            |    16 |    13 ||    29

Table legend: (Time is in decaauts)
 A = Elapsed time spent in this place.
 B = Non-inter-level travel time spent in this place.
 C = Inter-level travel time spent in this place.
 D = Time resting spent in this place.
 E = Time spent auto-exploring this place.
 F = Levels seen in this place.
 G = Mean time per level.
                   A        B        C        D        E       F      G
               +--------+--------+--------+--------+--------+-----+--------+
         Total |   2731 |   2624 |    107 |    464 |   1723 |   3 |  910.3 |
       Dungeon |   2731 |   2624 |    107 |    464 |   1723 |   3 |  910.3 |
               +--------+--------+--------+--------+--------+-----+--------+

Top non-repeatable levels by time:
     D:2: 1507 daAuts
     D:1: 1076 daAuts
     D:3: 147 daAuts
